 Dungeon Crawl Stone Soup version 0.28.0-43-g3370ac3207 (webtiles) character file.

Game seed: 17495021110090201496

13344 diana the Unseen (level 11, 0/50 HPs)
             Began as a Felid Enchanter on Mar 26, 2022.
             Was the Champion of Ashenzari.
             Slain by an ironbound frostheart (13 damage)
             ... in an ice cave.
             The game lasted 00:55:29 (19174 turns).

diana the Unseen (Felid Enchanter)                 Turns: 19174, Time: 00:55:29

Health: 0/50       AC:  3    Str: 10    XL:     11   Next: 74%
Magic:  19/21      EV: 33    Int: 21    God:    Ashenzari [******]
Gold:   546        SH:  0    Dex: 17    Spells: 3/22 levels left
                                        Lives:  0   Deaths: 3

rFire   . . .      SeeInvis +     - Unarmed
rCold   + . .      Faith    .   (shield unavailable)
rNeg    . . .      Spirit   .   (armour unavailable)
rPois   .          Reflect  .   (helmet unavailable)
rElec   .          Harm     .   (cloak unavailable)
rCorr   .          Rampage  .   (gloves unavailable)
Will    +....      Clarity  +   (boots unavailable)
Stlth   +++++++...              d - amulet "Per Aspera Ad Scientiam" {Acrobat, Alch, Bglg} (curse)
HPRegen 0.16/turn               e - ring "Anarchy of Ashenzari" {Str+6, Melee, Cun} (curse)
MPRegen 0.17/turn               w - ring of Supernal Gnosis {EV+4, Melee, Self} (curse)

@: quick
A: very small, claws 1, fangs 3, see invisible, speed 1, shaggy fur 3, stealthy
paws, no weapons or thrown items, no armour, multi-lived
a: Renounce Religion, Shatter the Chains


You were in an ice cave.
You worshipped Ashenzari.
Ashenzari was exalted by your worship.
You visited 3 branches of the dungeon, and saw 14 of its levels.
You also visited: Ice Cave.

You collected 780 gold pieces.
You spent 234 gold pieces at shops.

Inventory:

Jewellery
 d - the cursed amulet "Per Aspera Ad Scientiam" (around neck) {Acrobat, Alch, Bglg}
   (You found it on level 2 of the Dungeon)

   [amulet of the acrobat]

   It increases your evasion while moving and waiting.
   It has a curse which improves the following skills: Alchemy: Poison Magic and
   Transmutations.
   Beguiling: Conjurations, Hexes and Translocations.
 e - the cursed ring "Anarchy of Ashenzari" (left paw) {Str+6, Melee, Cun}
   (You found it on level 2 of the Dungeon)

   [ring of strength]

   Str:       It affects your strength (+6).
   It has a curse which improves the following skills: Melee Combat: Unarmed
   Combat.
   Cunning:   Dodging and Stealth.
 w - the cursed ring of Supernal Gnosis (right paw) {EV+4, Melee, Self}
   (You found it on level 8 of the Dungeon)

   [ring of evasion]

   EV:        It affects your evasion (+4).
   It has a curse which improves the following skills: Melee Combat: Unarmed
   Combat.
   Introspection: Fighting and Spellcasting.
 A - a +6 ring of strength
Wands
 g - a wand of iceblast (20) (quivered)
 k - a wand of paralysis (10)
 t - a wand of flame (61)
 x - a wand of acid (5)
 y - a wand of mindburst (9)
Scrolls
 c - 2 scrolls of blinking
 f - 7 scrolls of identify
 h - 3 scrolls of acquirement
 l - 3 scrolls of fear
 n - 2 scrolls of magic mapping
 o - 4 scrolls of amnesia
 p - 4 scrolls of teleportation
 s - a scroll of fog
 B - a scroll of silence
Potions
 a - a potion of invisibility
 b - 5 potions of curing
 i - 4 potions of heal wounds
 j - 3 potions of haste
 m - a potion of attraction
 q - 2 potions of magic
 r - a potion of berserk rage
 u - a potion of brilliance
 v - a potion of flight
 z - 2 potions of mutation


   Skills:
 - Level 4.6(7.1) Fighting
 - Level 13.7(16.3) Dodging
 + Level 15.5(18.0) Stealth
 + Level 10.6(14.5) Unarmed Combat
 - Level 3.6(6.0) Spellcasting
 - Level 2.0(4.0) Conjurations
 + Level 12.3(14.9) Hexes
 + Level 7.3(10.0) Translocations
 - Level 2.8(5.0) Transmutations


You had 3 spell levels left.
You knew the following spells:

 Your Spells              Type           Power      Damage    Failure   Level
a - Confusing Touch       Hex            62%        N/A       1%          3
b - Tukima's Dance        Hex            62%        N/A       1%          3
c - Ensorcelled Hibernat  Hex/Ice        74%        N/A       1%          2
d - Dazzling Flash        Conj/Hex       92%        N/A       1%          3
e - Lesser Beckoning      Tloc           48%        N/A       1%          3
f - Manifold Assault      Tloc           48%        N/A       4%          5

Your spell library contained the following spells:

 Spells                   Type           Power      Damage    Failure   Level
 Blink                    Tloc           96%        N/A       1%          2
 Inner Flame              Hex/Fire       37%        N/A       1%          3
 Foxfire                  Conj/Fire      56%        2x1d6     4%          1
 Static Discharge         Conj/Air       14%        N/A       6%          2
 Conjure Flame            Conj/Fire      14%        6-21      13%         3
 Sublimation of Blood     Necr           6%         N/A       14%         2
 Vampiric Draining        Necr           6%         2d6       28%         3
 Flame Wave               Conj/Fire      14%        2d6       38%         4
 Sticky Flame             Conj/Fire      14%        2d4       38%         4
 Olgreb's Toxic Radiance  Pois           7%         N/A       63%         4
 Dispel Undead            Necr           6%         3d8       67%         4
 Death Channel            Necr           3%         N/A       100%        6
 Ozocubu's Refrigeration  Ice            3%         4d5       100%        7
 Ignition                 Fire           3%         3d4       100%        8
 Death's Door             Necr           3%         N/A       100%        9


Dungeon Overview and Level Annotations

Branches:
Dungeon (10/15)            Temple (1/1) D:4            Lair (3/6) D:8
    Orc (0/2) D:9           IceCv (1/1)
  Swamp: Lair:2-4    Shoals: Lair:2-4     Snake: Lair:2-4    Spider: Lair:2-4

Altars:
Ashenzari
Cheibriados
Elyvilon
Fedhas
Gozag
Hepliaklqana
Kikubaaqudgha
Makhleb
Nemelex Xobeh
Qazlal
Ru
Sif Muna
Uskayaw
Vehumet
Wu Jian
Xom
Yredelemnul
Zin

Shops:
D:5 [   D:9 !

Annotations:
D:3 1 transporter, ioannis32's ghost, weakling DgTm
D:10 NiggerDarts's ghost, novice HuFi


Innate Abilities, Weirdness & Mutations

You have sharp claws.
You have razor-sharp teeth.
You have supernaturally acute eyesight. (SInv)
You cover ground quickly. (Speed+)
Your thick and shaggy fur keeps you warm. (AC +3, rC+)
Your paws help you pounce on unaware monsters.
You are incapable of wielding weapons or throwing items.
You cannot wear armour.
You gain extra lives every three experience levels.


Message History

HP restored.
You start resting.
Magic restored.
Casting: Confusing Touch (safe; 1% risk of failure)
Confirm with . or Enter, or press ? or * to list all spells.
You can't see any susceptible monsters within range! (Use Z to cast anyway.)
Casting: Confusing Touch (safe; 1% risk of failure)
Confirm with . or Enter, or press ? or * to list all spells.
Your paws begin to glow red.
Casting: Confusing Touch (safe; 1% risk of failure)
Confirm with . or Enter, or press ? or * to list all spells.
You can't see any susceptible monsters within range! (Use Z to cast anyway.)
Casting: Confusing Touch (safe; 1% risk of failure)
Confirm with . or Enter, or press ? or * to list all spells.
Okay, then.
Press: ? - help, v - describe, . - travel
Here: an ironbound frostheart, wearing a +0 ring mail (wandering, hasn't noticed you, chance to confuse on hit: 60%)
The floor.
You barely miss the ironbound frostheart.
The ironbound frostheart shouts!
The ironbound frostheart calls freezing cold from the walls.
The frost grips you!! You partially resist.
You are encased in ice.
You scratch the ironbound frostheart but do no damage.
The ironbound frostheart calls freezing cold from the walls.
The frost grips you! You partially resist.
* * * LOW HITPOINT WARNING * * *
You scratch the ironbound frostheart but do no damage.
You scratch the ironbound frostheart but do no damage.
The ironbound frostheart appears confused.
The ironbound frostheart touches itself but does no damage.
You claw the ironbound frostheart! x2
The ironbound frostheart is heavily wounded.
The ice encasing you melts away.
You scratch the ironbound frostheart.
The ironbound frostheart is heavily wounded.
The ironbound frostheart touches you.
* * * LOW HITPOINT WARNING * * *
The ironbound frostheart freezes you! You resist.
You die...

* * ** #######..#### ,* ***,,,, *
######..##### ,* {{, ,,∩
##########..#### *,{{ * * *
#############..### {{{ *
################≈≈.#### .
#############...##≈≈≈#≈≈#######
Y############..##..≈#≈≈≈≈########
{.##########..#####.≈≈#≈#≈#######
Y{.##########..#@.†.#####≈######
#Y{.##...##...#p.#..†..#######
###..{##...#########...######
####################.[.####
###########################
###########################
############### ###########
###########


You could see an ironbound frostheart (confused).

Vanquished Creatures
  Harold (D:8)
  A boulder beetle (D:7)
  2 hydras (Lair:2)
  A catoblepas (Lair:2)
  2 two-headed ogres (D:8)
  4 death yaks (IceCv)
  Urug (Lair:1)
  Sonja (Lair:1)
  3 elephants (Lair:2)
  Maurice (D:8)
  An ice statue (IceCv)
  2 black mambas
  A cane toad (Lair:2)
  A rime drake (Lair:2)
  Psyche (D:8)
  A komodo dragon (Lair:2)
  2 ice devils (Lair:3)
  3 trolls
  5 polar bears (IceCv)
  Grinder (D:6)
  3 blink frogs (Lair:2)
  23 yaks
  Eustachio (D:5)
  A steam dragon (D:9)
  3 water moccasins
  3 ice beasts
  4 orc warriors
  2 necrophages (D:7)
  5 black bears
  An ogre (D:6)
  23 wolves
  A centaur (D:10)
  6 kobold brigands
  4 bullfrogs
  7 scorpions
  A wyvern skeleton (D:7)
  4 killer bees (D:9)
  2 wights (D:9)
  A bullfrog zombie (D:6)
  3 centaur zombies
  2 orc priests
  A jelly (D:5)
  A gnoll shaman (D:7)
  2 hounds
  2 bullfrog skeletons (D:6)
  5 orc wizards
  8 hell rats (Lair:2)
  An iguana (D:5)
  A killer bee zombie (D:5)
  A hound skeleton (D:4)
  A howler monkey skeleton (D:5)
  A howler monkey zombie (D:9)
  4 gnolls
  6 adders
  6 river rats (Lair:2)
  A shadow imp (D:8)
  An adder skeleton (D:4)
  A worm (D:2)
  2 dart slugs
  17 orcs
  2 bats
  4 endoplasms
  3 giant cockroaches
  10 hobgoblins
  6 jackals
  22 kobolds
  5 quokkas
  4 ball pythons
  4 frilled lizards
  6 goblins
  11 rats
274 creatures vanquished.

Vanquished Creatures (collateral kills)
  An ice beast (D:7)
  An orc warrior (D:7)
  A centaur (D:7)
  An ogre (D:5)
  A wight (D:9)
  Crazy Yiuf (D:6)
  3 gnolls
  An orc (D:8)
  3 kobolds
13 creatures vanquished.

Vanquished Creatures (others)
  2 dancing weapons
  2 fungi (D:6)
  4 plants
  2 withered plants (D:2)
10 creatures vanquished.

Grand Total: 297 creatures vanquished

Notes
Turn   | Place    | Note
-------+----------+-------------------------------------------
     0 | D:1      | diana the Felid Enchanter began the quest for the Orb.
     0 | D:1      | Reached XP level 1. HP: 7/7 MP: 4/4
   744 | D:1      | Reached XP level 2. HP: 12/12 MP: 6/6
   818 | D:1      | Reached skill level 1 in Fighting
  2039 | D:2      | Reached XP level 3. HP: 5/15 MP: 7/7
  2043 | D:2      | Learned a level 3 spell: Confusing Touch
  2349 | D:2      | Found a faded altar of an unknown god.
  3407 | D:3      | Found a transporter.
  3409 | D:3      | Noticed ioannis32's ghost (weakling DgTm)
  4036 | D:4      | Noticed a scorpion
  4109 | D:3      | Reached XP level 4. HP: 14/19 MP: 4/8
  4566 | D:4      | Found a staircase to the Ecumenical Temple.
  4591 | D:4      | Noticed a necrophage
  4596 | Temple   | Entered the Ecumenical Temple
  4794 | Temple   | Became a worshipper of Ashenzari the Shackled
  4864 | D:4      | Noticed a scorpion
  5550 | D:4      | Noticed a scorpion
  6154 | D:3      | Killed a scorpion
  6155 | D:3      | Reached skill level 5 in Hexes
  6155 | D:3      | Reached XP level 5. HP: 22/22 MP: 4/9
  6241 | D:4      | Reached skill level 5 in Stealth
  6418 | D:4      | HP: 1/22 [gnoll/+2 spear of freezing (3)]
  6418 | D:4      | Slain by a gnoll
  6419 | D:4      | Reached XP level 4. HP: 0/19 MP: 6/8
  6488 | D:4      | Got Gloorx Vloq's Compendium of Unholy Magic
  6703 | D:4      | Killed a scorpion
  6704 | D:4      | Reached XP level 5. HP: 8/22 MP: 6/9
  6923 | D:4      | Reached skill level 5 in Dodging
  6944 | D:4      | Learned a level 3 spell: Tukima's Dance
  7179 | D:4      | Gained mutation: You are covered in thick fur. (AC +2)
                  | [Felid growth]
  7179 | D:4      | Reached XP level 6. HP: 5/26 MP: 6/10
  7452 | D:5      | Entered Level 5 of the Dungeon
  7466 | D:5      | Reached skill level 6 in Stealth
  7469 | D:5      | Learned a level 2 spell: Ensorcelled Hibernation
  7506 | D:5      | Found a radiant altar of Vehumet.
  7548 | D:5      | Reached * piety under Ashenzari
  7548 | D:5      | Identified a scroll of acquirement
  7548 | D:5      | Reached ** piety under Ashenzari
  7635 | D:5      | Reached XP level 7. HP: 30/30 MP: 8/11
  7734 | D:5      | Noticed Eustachio
  7751 | D:5      | Killed Eustachio
  7870 | D:5      | Found Bahram Gur's Dragon-Slaying Spoils.
  7878 | D:5      | Reached skill level 7 in Stealth
  8361 | D:6      | Reached XP level 8. HP: 33/33 MP: 9/12
  8484 | D:6      | Found a snail-covered altar of Cheibriados.
  8646 | D:6      | Noticed Grinder
  8649 | D:6      | Killed Grinder
  8650 | D:6      | Reached skill level 8 in Stealth
  8650 | D:6      | Reached skill level 5 in Unarmed Combat
  8731 | D:5      | Learned a level 3 spell: Dazzling Flash
  9001 | D:6      | Found a runed translucent door.
  9002 | D:6      | Noticed Crazy Yiuf
  9010 | D:6      | Killed Crazy Yiuf
  9419 | D:7      | Paralysed by a kobold for 2 turns
  9444 | D:7      | Reached skill level 9 in Stealth
  9444 | D:7      | Reached XP level 9. HP: 25/37 MP: 8/13
  9686 | D:7      | Noticed a boulder beetle
 10913 | D:7      | Slain by a boulder beetle
 10914 | D:7      | Reached XP level 8. HP: -4/34 MP: 12/12
 11260 | D:7      | Killed a boulder beetle
 11261 | D:7      | Reached skill level 10 in Stealth
 11261 | D:7      | Reached skill level 10 in Hexes
 11261 | D:7      | Reached XP level 9. HP: 29/37 MP: 7/13
 11515 | D:7      | Noticed a troll
 11570 | D:6      | Killed a troll
 11772 | D:7      | Found a basalt altar of Yredelemnul.
 12017 | D:8      | Found a staircase to the Lair.
 12234 | D:8      | Noticed Harold
 12364 | D:8      | Noticed Psyche
 12380 | D:8      | Killed Psyche
 12381 | D:8      | Reached skill level 10 in Dodging
 12470 | D:8      | Reached *** piety under Ashenzari
 12470 | D:8      | Reached **** piety under Ashenzari
 12478 | D:8      | Noticed a two-headed ogre
 12484 | D:8      | Noticed Maurice
 12487 | D:8      | Killed a two-headed ogre
 12488 | D:8      | Reached skill level 11 in Stealth
 12640 | D:8      | Killed Maurice
 12641 | D:8      | Reached XP level 10. HP: 42/42 MP: 8/14
 13018 | D:8      | Noticed a two-headed ogre
 13022 | D:8      | Killed a two-headed ogre
 13023 | D:8      | Reached skill level 1 in Conjurations
 13023 | D:8      | Reached skill level 1 in Transmutations
 13062 | D:8      | Killed Harold
 13501 | D:9      | Found an ornate altar of the Wu Jian Council.
 13850 | D:9      | Reached skill level 12 in Stealth
 13970 | D:9      | Reached ***** piety under Ashenzari
 13970 | D:9      | Reached ****** piety under Ashenzari
 14036 | D:9      | Found a staircase to the Orcish Mines.
 14150 | D:9      | Found Acreoreu's Distillery.
 14156 | D:9      | Bought a potion of heal wounds for 65 gold pieces
 14156 | D:9      | Bought a potion of heal wounds for 65 gold pieces
 14156 | D:9      | Bought a potion of mutation for 104 gold pieces
 14482 | D:10     | Entered Level 10 of the Dungeon
 14562 | D:10     | Noticed a black mamba
 14566 | D:10     | Noticed NiggerDarts's ghost (novice HuFi)
 15107 | Lair:1   | Entered Level 1 of the Lair of Beasts
 15107 | Lair:1   | Noticed Urug
 15113 | Lair:1   | Killed Urug
 15159 | Lair:1   | Noticed Sonja
 15166 | Lair:1   | Killed Sonja
 15167 | Lair:1   | Reached XP level 11. HP: 48/48 MP: 16/20
 15953 | Lair:2   | Reached skill level 13 in Stealth
 15985 | Lair:2   | Noticed a seven-headed hydra
 15990 | Lair:2   | Killed a seven-headed hydra
 16469 | Lair:2   | Noticed a catoblepas
 16490 | Lair:2   | Killed a catoblepas
 16637 | Lair:2   | Noticed a six-headed hydra
 16647 | Lair:2   | Killed a six-headed hydra
 16882 | Lair:2   | Learned a level 3 spell: Lesser Beckoning
 16890 | Lair:2   | Reached skill level 1 in Translocations
 16950 | Lair:2   | Reached skill level 14 in Stealth
 17204 | Lair:3   | Reached skill level 10 in Unarmed Combat
 17301 | Lair:3   | Found a frozen archway.
 17331 | Lair:3   | Gained mutation: Your thick and shaggy fur keeps you warm.
                  | (AC +3, rC+) [Felid growth]
 17331 | Lair:3   | Reached XP level 12. HP: 54/54 MP: 22/22
 17378 | IceCv    | Entered an ice cave
 17581 | IceCv    | Noticed a death yak
 17581 | IceCv    | Noticed a death yak
 17911 | IceCv    | Killed a death yak
 17918 | IceCv    | Killed a death yak
 18105 | IceCv    | Reached skill level 5 in Translocations
 18259 | IceCv    | Reached skill level 15 in Stealth
 18522 | IceCv    | Noticed an ironbound frostheart
 18522 | IceCv    | Noticed a death yak
 18523 | IceCv    | Noticed an ironbound frostheart
 18549 | IceCv    | Killed a death yak
 18569 | IceCv    | Killed from afar by an ironbound frostheart
 18570 | IceCv    | Reached XP level 11. HP: -18/50 MP: 13/21
 18874 | IceCv    | Noticed a death yak
 18928 | IceCv    | Killed a death yak
 18949 | IceCv    | Learned a level 5 spell: Manifold Assault
 19174 | IceCv    | Slain by an ironbound frostheart

Illustrated notes

Levels and vault maps discovered:
D:1:      dpeg_arrival_water_temple_mockup, layout_basic
D:2:      layout_basic, ebering_ecumenical_altar_petrified, wad_floor_pattern_2
D:3:      layout_loops_corners, gup_sewer_entry_bowl, gammafunk_ghost_mausoleum,
          kennysheep_generic_room_10
D:4:      layout_basic, minmay_temple_entry_mini_moons,
          minmay_goblin_kobold_house
D:5:      layout_rooms, nicolae_vehumet_altar_sigil, nicolae_shop_dragon_depot,
          uniq_eustachio
D:6:      layout_rooms, kennysheep_slug_shrine, uniq_crazy_yiuf_cottage,
          uniq_grinder
D:7:      layout_rooms, lemuel_coloured_pillars_altar,
          chequers_serial_rivers_marsh, minmay_starry_boxes
D:8:      layout_basic, lair_entry_dummy, uniq_psyche, uniq_maurice, uniq_harold
D:9:      layout_long_grid, nzn_wu_jian_contemplation, orc_david_3,
          serial_rivers, chequers_serial_rivers_micro_e,
          chequers_serial_rivers_micro_a, chequers_serial_rivers_small_a,
          chequers_serial_rivers_micro_e, chequers_serial_rivers_micro_d,
          serial_shops, kennysheep_mini
D:10:     layout_basic, gammafunk_temple_overflow_pools,
          grunt_temple_overflow_bloody_war,
          ploomutoo_gammafunk_ghost_potion_laboratory,
          nicolae_concentric_dashed_squares_mild, st_stairs_1, uniq_josephine
Temple:   eino_narrow_crystal_temple
Lair:1:   beast_lair_carwin_large_2, layout_big_grid, serial_forest,
          infiniplex_forest_end_3, infiniplex_forest_3_way,
          infiniplex_forest_clump_double, infiniplex_forest_corner_2,
          infiniplex_forest_end_2, infiniplex_forest_clump_medium,
          infiniplex_forest_clump_small, uniq_urug, uniq_sonja
Lair:2:   layout_regular_city, kennysheep_abandoned_house
Lair:3:   layout_regular_city, portal_ice_cave_demonic_guard,
          infiniplex_staircase_pool_2
IceCv:    ice_cave_caverns_03

Skill      XL: |  1  2  3  4  5  6  7  8  9 10 11 12 |
---------------+-------------------------------------+-----
Dodging        | 3 4 5 6 9 10 11 13 | 13.7
Fighting       | 1 2 3 4 |  4.6
Unarmed Combat | 2 3 4 5 7 8 10 | 10.6
Hexes          | 5 6 7 10 11 12 | 12.3
Stealth        | 5 6 7 10 11 12 14 15 | 15.5
Conjurations   | 2 |  2.0
Transmutations | 2 |  2.8
Spellcasting   | 3 |  3.6
Translocations | 7 6 |  7.3

Action                   |  1- 3 |  4- 6 |  7- 9 | 10-12 || total
-------------------------+-------+-------+-------+-------++-------
Melee: Unarmed           |   201 |   136 |   296 |   409 ||  1042
       Bite              |    18 |    22 |    42 |    45 ||   127
       Punch             |     3 |       |    20 |    29 ||    52
 Cast: Confusing Touch   |     6 |    10 |    20 |    37 ||    73
       Tukima's Dance    |       |     5 |    20 |     6 ||    31
       Ensorcelled Hiber |       |       |    27 |    48 ||    75
       Dazzling Flash    |       |       |     1 |    34 ||    35
       Manifold Assault  |       |       |       |     2 ||     2
       Lesser Beckoning  |       |       |       |     2 ||     2
Invok: Curse Item        |       |     1 |     1 |     1 ||     3
  Use: Potion            |       |     1 |       |       ||     1
 Stab: Sleeping          |     8 |     4 |    20 |    46 ||    78
       Confused          |     2 |     7 |    10 |    24 ||    43
       Distracted        |       |     1 |     2 |     3 ||     6
       Invisible         |       |       |       |    27 ||    27
Armor: Skin              |    12 |     5 |     5 |     4 ||    26
Dodge: Dodged            |   173 |   103 |   247 |   417 ||   940
